 Dungeon Crawl Stone Soup version 0.28.0 (webtiles) character file.

Game seed: 4899528060907439481

97198 dolemite99 the Cleaver (level 15, -3/100 (102) HPs)
             Began as a Demonspawn Gladiator on Feb 15, 2022.
             Was an Elder of Hepliaklqana.
             Slain by a wolf spider (4 damage)
             ... on level 1 of the Spider Nest.
             The game lasted 00:51:11 (35146 turns).

dolemite99 the Cleaver (Demonspawn Gladiator)      Turns: 35146, Time: 00:51:11

HP:   -3/100 (102)  AC: 22    Str: 21    XL:     15   Next: 71%
MP:   0/21          EV:  6    Int: 11    God:    Hepliaklqana [****..]
Gold: 242           SH: 14    Dex: 14    Spells: 14/14 levels left

rFire   + . .      SeeInvis +   a - +8 demon trident (drain)
rCold   . . .      Faith    .   k - +2 kite shield
rNeg    . . .      Spirit   +   c - +3 plate armour {rF+}
rPois   +          Reflect  .   (helmet unavailable)
rElec   .          Harm     .   L - +2 cloak {Stlth+}
rCorr   .          Rampage  .   G - +2 pair of gloves
Will    +....                   (no boots)
Stlth   ..........              l - amulet of guardian spirit
HPRegen 0.26/turn               x - ring of poison resistance
MPRegen 0.17/turn               v - +4 ring of slaying {=R}

@: slowed, lightly drained, very slow
A: reduced essence, antennae 3, thin skeletal structure 1, spiny 2, demonic
magic 2, clumsy 1
a: Renounce Religion, Recall Ancestor, Ancestor Identity, Transference, Idealise


You were on level 1 of the Spider Nest.
You worshipped Hepliaklqana.
Hepliaklqana was greatly pleased with you.
You visited 5 branches of the dungeon, and saw 25 of its levels.

You collected 1889 gold pieces.
You spent 1647 gold pieces at shops.

Inventory:

Hand Weapons
 a - a +8 demon trident of draining (weapon)
 j - the +11 war axe of Zeihomnuig {drain, Drain rN+ Dex+8 SInv}
   (You found it on level 8 of the Dungeon)

   A truly terrible weapon, it drains the life of any living foe it strikes.
   Dex:       It affects your dexterity (+8).
   rN:        It protects you from negative energy.
   SInv:      It lets you see invisible.
   Drain:     It drains your maximum health when unequipped.
 n - a +0 broad axe of protection
Missiles
 b - 9 boomerangs
 e - 671 stones
 i - 5 throwing nets
 p - 214 sling bullets
 y - 26 poisoned darts (quivered)
 E - 10 curare-tipped darts
 O - 5 silver boomerangs
 R - 5 javelins
 X - 2 atropa-tipped darts
Armour
 c - a +3 plate armour of fire resistance (worn)
 k - a +2 kite shield (worn)
 G - a +2 pair of gloves (worn)
 L - a +2 cloak of stealth (worn)
Jewellery
 d - a ring of wizardry
 f - a ring of ice
 h - an amulet of faith
 l - an amulet of guardian spirit (around neck)
 q - a ring of resist corrosion
 r - a ring of protection from fire
 u - a +4 ring of protection
 v - a +4 ring of slaying (right hand) {=R}
 w - a ring of positive energy
 x - a ring of poison resistance (left hand)
 M - a ring of flight
Wands
 H - a wand of mindburst (2)
 Q - a wand of polymorph (9)
Scrolls
 g - 6 scrolls of teleportation
 z - a scroll of silence
 D - a scroll of blinking
 K - 5 scrolls of vulnerability
 U - 2 scrolls of identify {@r1}
Potions
 o - 10 potions of mutation
 s - 4 potions of curing
 t - 4 potions of lignification
 A - 4 potions of ambrosia
 B - 4 potions of magic
 C - 2 potions of cancellation
 I - 2 potions of attraction
 N - a potion of berserk rage
 V - a potion of heal wounds
 W - 2 potions of flight
Miscellaneous
 J - a phial of floods (inert)
 P - a condenser vane (inert)
 T - a lightning rod (1/4)


   Skills:
 - Level 9.4 Fighting
 - Level 14.6(15.8) Axes
 - Level 10.3(14.0) Polearms
 - Level 3.9(7.6) Staves
 - Level 4.3 Throwing
 + Level 7.1 Armour
 - Level 2.6 Dodging
 - Level 11.1 Shields
 - Level 8.0 Invocations
 - Level 10.6 Evocations


You had 14 spell levels left.
You didn't know any spells.
Your spell library contained the following spells:

 Spells                   Type           Power      Damage    Failure   Level
 Sting                    Tmut/Pois      0%         1d3       100%        1
 Blink                    Tloc           0%         N/A       100%        2
 Corpse Rot               Necr/Air       0%         N/A       100%        2
 Ensorcelled Hibernation  Hex/Ice        0%         N/A       100%        2
 Poisonous Vapours        Pois/Air       0%         N/A       100%        2
 Gell's Gravitas          Tloc           0%         N/A       100%        3
 Lesser Beckoning         Tloc           0%         N/A       100%        3
 Ozocubu's Armour         Ice            0%         N/A       100%        3
 Spider Form              Tmut/Pois      0%         N/A       100%        3
 Teleport Other           Tloc           0%         N/A       100%        3
 Tukima's Dance           Hex            0%         N/A       100%        3
 Anguish                  Hex/Necr       0%         N/A       100%        4
 Olgreb's Toxic Radiance  Pois           0%         N/A       100%        4
 Passage of Golubria      Tloc           0%         N/A       100%        4
 Summon Lightning Spire   Summ/Air       0%         N/A       100%        4
 Manifold Assault         Tloc           0%         N/A       100%        5
 Metabolic Englaciation   Hex/Ice        0%         N/A       100%        5
 Yara's Violent Unravell  Hex/Tmut       0%         3d3       100%        5
 Dispersal                Tloc           0%         N/A       100%        6
 Simulacrum               Ice/Necr       0%         N/A       100%        6
 Storm Form               Tmut/Air       0%         N/A       100%        7
 Maxwell's Capacitive Co  Air            0%         ∞         100%        8


Dungeon Overview and Level Annotations

Branches:
Dungeon (15/15)            Temple (1/1) D:4            Lair (6/6) D:10
  Swamp (0/4) Lair:2       Spider (1/4) Lair:4          Orc (2/2) D:11
    Elf (0/3) Orc:2        Vaults (0/5) D:13         Depths (0/4) D:15
  Slime: Lair:5-6

Altars:
Ashenzari
Cheibriados
Dithmenos
Elyvilon
Fedhas
Gozag
Hepliaklqana
Kikubaaqudgha
Makhleb
Nemelex Xobeh
Okawaru
Qazlal
Ru
Sif Muna
Trog
Uskayaw
Vehumet
Wu Jian
Xom
Yredelemnul
Zin
The Shining One

Shops:
D:3 [   Orc:2 ?*(=

Portals:
Pandemonium: Orc:2

Annotations:
Lair:1 1 runed translucent door, BeingJoeMalik's ghost, journeyman DrFi
Lair:3 2 transporters
Orc:1 1 runed translucent door


Innate Abilities, Weirdness & Mutations

Your life essence is reduced to manifest your ancestor. (-10% HP)
You have a pair of large antennae on your head. (SInv)
You have a somewhat thin skeletal structure. (Dex +2, Stealth+)
You are mostly covered in sharp spines.
Spells you cast may paralyse nearby enemies.
You are clumsy. (Dex -2)


Message History

The wolf spider bites you.
* * * LOW HITPOINT WARNING * * *
You block the death scarab's attack.
Okay, then.
You feel much better.
The death scarab bites you but does no damage.
You block the wolf spider's attack. The wolf spider barely misses you.
The wolf spider is struck by your spines.
The wolf spider hits you but does no damage.
The wolf spider bites you.
* * * LOW HITPOINT WARNING * * *
The wolf spider hits you but does no damage.
The wolf spider bites you.
* * * LOW HITPOINT WARNING * * *
The wolf spider is struck by your spines.
The wolf spider closely misses you. The wolf spider bites you.
* * * LOW HITPOINT WARNING * * *
The wolf spider is struck by your spines.
The wolf spider hits you but does no damage.
The wolf spider bites you.
* * * LOW HITPOINT WARNING * * *
You feel much better.
The death scarab is struck by your spines.
The death scarab bites you!!
* * * LOW HITPOINT WARNING * * *
The death scarab drains your vigour!
You feel as though you will be slow longer.
The death scarab draws strength from your injuries!
The death scarab is struck by your spines.
The death scarab bites you.
* * * LOW HITPOINT WARNING * * *
The death scarab drains your vigour!
You feel as though you will be slow longer.
The death scarab draws strength from your injuries!
You block the wolf spider's attack. x2; The wolf spider hits you!
* * * LOW HITPOINT WARNING * * *
The wolf spider bites you but does no damage.
The wolf spider is struck by your spines.
The wolf spider hits you.
You die...

##s{{.###### #..##.#
#.##*### ###.# #.####
####...####....##
*#..^....##......###
*#...###..s........†####
#.^#*###.......s....†..###
*** .#**
#...>..s..s@<..###..####.#
** #.............##
##......# **
#........B....## ####...#
,** #.......†......#
*#..#* ,,**
#..............# *#..#
,,,* #..............# *###
,,,* #.....>........#*
,,,* #...............#
,,** ##..............#


You could see 2 wolf spiders, a jumping spider, a death scarab and a redback.

Vanquished Creatures
  Saint Roka (Orc:2)
  Louise (D:14)
  Snorg (D:11)
  An entropy weaver (Spider:1)
  Fannar (Orc:1)
  A jorogumo (Spider:1)
  4 hydras
  A demonspawn (Orc:2)
  3 ogre magi (D:15)
  3 boulder beetles
  3 centaur warriors
  A two-headed ogre (shapeshifter) (D:13)
  3 two-headed ogres
  3 tengu warriors
  A death yak (Lair:5)
  4 orc high priests (Orc:2)
  A steelbarb worm (Spider:1)
  2 lindwurms
  3 orc knights
  A necromancer (Lair:4)
  7 orc sorcerers (Orc:2)
  A deep elf pyromancer (D:13)
  4 cyclopes
  An ugly thing (D:13)
  A manticore (D:15)
  3 elephants (Lair:5)
  Maurice (D:11)
  4 black mambas
  A naga mage (D:15)
  2 orange demons (Orc:2)
  A torpor snail (Lair:5)
  An unseen horror (D:9)
  7 cane toads
  A rime drake (Lair:5)
  Psyche (D:11)
  A kobold demonologist (D:12)
  6 komodo dragons
  An efreet (D:14)
  A hellwing (Orc:2)
  An ice devil (Orc:2)
  4 trolls
  4 polar bears
  2 hornets
  2 slime creatures
  A tyrant leech (Lair:2)
  4 blink frogs (Lair:2)
  7 dream sheep
  2 tarantellas (Spider:1)
  6 jumping spiders
  A centaur simulacrum (D:15)
  7 culicivoras
  A shadow (D:13)
  2 wyverns
  2 basilisks (Lair:2)
  20 yaks
  A steam dragon (Lair:5)
  A fire elemental (Spider:1)
  2 redbacks (Spider:1)
  5 vampire mosquitoes (D:11)
  A hell hound (Spider:1)
  6 wargs
  An acid dragon (D:7)
  10 water moccasins
  A hornet zombie (D:8)
  21 orc warriors
  2 sky beasts
  4 ogres
  2 black bears (D:7)
  6 centaurs
  16 wolves
  A boggart (D:15)
  2 elephant zombies (Lair:4)
  4 phantoms
  3 kobold brigands
  A komodo dragon zombie (Lair:4)
  14 bullfrogs
  A gnoll sergeant (D:11)
  4 scorpions
  9 killer bees
  11 electric eels
  6 wights
  10 howler monkeys
  3 lava snakes (Lair:1)
  3 centaur zombies
  A basilisk zombie (Lair:4)
  11 orc priests
  5 hounds
  A bullfrog skeleton (D:6)
  A gnoll shaman (D:4)
  2 iguanas
  14 orc wizards
  A killer bee zombie (D:7)
  7 adders
  14 gnolls
  A shadow imp (D:7)
  2 white imps
  An ufetubus (D:7)
  An adder skeleton (D:4)
  A worm (D:3)
  2 dart slugs
  47 orcs
  6 bats
  7 endoplasms
  A giant cockroach (D:2)
  10 goblins
  6 hobgoblins
  A jackal (D:3)
  2 quokkas
  7 ball pythons
  2 frilled lizards (D:1)
  17 kobolds
  7 rats
479 creatures vanquished.

Vanquished Creatures (collateral kills)
  A frost giant (D:15)
  Azrael (Spider:1)
  A fire dragon (D:15)
  4 hydras
  2 boulder beetles
  Harold (Lair:2)
  2 centaur warriors
  A death knight (D:13)
  2 two-headed ogres
  A death yak (Lair:5)
  2 orc high priests (Orc:2)
  Urug (Orc:1)
  A skeletal warrior (D:13)
  An obsidian statue (D:12)
  An orc sorcerer (D:15)
  A deep elf archer (D:15)
  2 orc knights (Orc:2)
  A necromancer (D:15)
  An ugly thing (D:15)
  A moth of wrath (Spider:1)
  A wolf spider (D:13)
  A salamander (shapeshifter) (D:15)
  2 cyclopes
  An elephant (Lair:5)
  A manticore (D:11)
  3 black mambas
  A naga mage (D:15)
  3 cane toads
  2 centaur zombies
  A gargoyle (D:10)
  A komodo dragon (shapeshifter) (D:15)
  3 freezing wraiths (D:13)
  7 komodo dragons
  An efreet (D:15)
  A troll (Orc:1)
  A troll (shapeshifter) (D:13)
  2 tarantellas (Spider:1)
  A tyrant leech (Lair:2)
  A hornet (D:10)
  4 slime creatures
  6 dream sheep
  A blink frog (Lair:2)
  A meliai zombie (D:15)
  2 jumping spiders
  A culicivora (Lair:4)
  A wyvern (Lair:3)
  7 yaks
  A hog (shapeshifter) (D:13)
  2 fire elementals (Spider:1)
  A steam dragon (D:8)
  3 basilisks
  5 redbacks
  A warg (Orc:2)
  A swamp worm (Lair:2)
  A vampire mosquito (D:11)
  3 hell hounds (Spider:1)
  An acid dragon (D:12)
  A water moccasin (Lair:2)
  A hornet zombie (D:8)
  14 orc warriors
  A black bear (Lair:2)
  An elephant zombie (Lair:4)
  2 boggarts (D:15)
  2 wolves (Lair:1)
  6 centaurs
  2 kobold brigands
  5 bullfrogs
  A killer bee (D:6)
  4 wights
  An electric eel (Lair:4)
  2 howler monkeys (D:9)
  A hound (D:10)
  A basilisk zombie (Lair:4)
  10 orc priests
  An iguana (D:7)
  8 orc wizards
  2 gnolls (D:12)
  17 orcs
  A goblin (D:11)
  A kobold (D:10)
189 creatures vanquished.

Vanquished Creatures (others)
  An ugly thing (D:13)
  13 knights
  An orc wizard (Orc:2)
  3 ancestors
  41 fungi
  87 plants
146 creatures vanquished.

Grand Total: 814 creatures vanquished

Notes
Turn   | Place    | Note
-------+----------+-------------------------------------------
     0 | D:1      | dolemite99 the Demonspawn Gladiator began the quest for the
                  | Orb.
     0 | D:1      | Reached XP level 1. HP: 16/16 MP: 1/1
    94 | D:1      | Gained mutation: You are partially covered in sharp spines.
                  | [demonic ancestry]
    94 | D:1      | Reached XP level 2. HP: 10/22 MP: 2/2
   995 | D:1      | Gained mutation: You have a pair of small antennae on your
                  | head. [demonic ancestry]
   995 | D:1      | Reached XP level 3. HP: 27/27 MP: 3/3
  1817 | D:2      | Reached skill level 1 in Polearms
  1935 | D:2      | Found a faded altar of an unknown god.
  2541 | D:2      | Found a bloodstained altar of Trog.
  3077 | D:3      | Reached XP level 4. HP: 33/33 MP: 4/4
  3116 | D:3      | Found Jotelirr's Antique Armour Shop.
  3119 | D:3      | Noticed a scorpion
  3135 | D:3      | Killed a scorpion
  3560 | D:3      | Gained mutation: Spells you cast may paralyse adjacent
                  | enemies. [demonic ancestry]
  3560 | D:3      | Reached XP level 5. HP: 31/38 MP: 5/5
  4868 | D:4      | Noticed a phantom
  4887 | D:4      | Killed a phantom
  4888 | D:4      | Reached XP level 6. HP: 24/44 MP: 6/6
  5312 | D:4      | Reached skill level 5 in Polearms
  5736 | D:4      | Found a radiant altar of Vehumet.
  5995 | D:4      | Found an opulent altar of Gozag.
  6054 | D:4      | Found a staircase to the Ecumenical Temple.
  6105 | Temple   | Entered the Ecumenical Temple
  6320 | Temple   | Became a worshipper of Hepliaklqana the Forgotten
  6380 | D:5      | Entered Level 5 of the Dungeon
  6396 | D:5      | Reached XP level 7. HP: 34/50 MP: 7/7
  6733 | D:4      | Found an ancient bone altar of Kikubaaqudgha.
  7487 | D:6      | Gained mutation: You are mostly covered in sharp spines.
                  | [demonic ancestry]
  7487 | D:6      | Reached XP level 8. HP: 56/56 MP: 8/8
  7737 | D:6      | Reached * piety under Hepliaklqana
  9191 | D:7      | Reached skill level 10 in Polearms
  9238 | D:7      | Reached skill level 1 in Evocations
  9260 | D:7      | Reached XP level 9. HP: 53/54 MP: 9/9
  9552 | D:7      | Reached skill level 5 in Evocations
 10409 | D:8      | Identified the +11 war axe of Zeihomnuig {drain, Drain rN+
                  | Dex+8 SInv}
 10472 | D:8      | Noticed a two-headed ogre
 10489 | D:8      | Killed a two-headed ogre
 10589 | D:8      | Reached XP level 10. HP: 38/60 MP: 8/10
 10896 | D:8      | Paralysed by a hornet for 1 turns
 11542 | D:8      | Reached skill level 10 in Evocations
 13106 | D:9      | Reached skill level 1 in Armour
 13197 | D:9      | Noticed a red ugly thing
 13197 | D:9      | Noticed a wizard
 13218 | D:9      | Reached skill level 1 in Axes
 13220 | D:9      | Reached skill level 2 in Axes
 13481 | D:9      | Reached skill level 3 in Axes
 13612 | D:9      | Reached ** piety under Hepliaklqana
 13616 | D:9      | Remembered your ancestor Shunnareh as a knight
 14048 | D:10     | Entered Level 10 of the Dungeon
 14084 | D:10     | Reached skill level 4 in Axes
 14087 | D:10     | Reached skill level 5 in Axes
 14262 | D:10     | Noticed a gargoyle
 14274 | D:10     | Killed a gargoyle
 14275 | D:10     | Reached skill level 6 in Axes
 14275 | D:10     | Reached XP level 11. HP: 39/64 MP: 8/11
 14593 | D:10     | Found a staircase to the Lair.
 15045 | D:10     | Reached skill level 7 in Axes
 15490 | D:11     | Reached skill level 8 in Axes
 15577 | D:11     | Noticed Snorg
 15587 | D:11     | Killed Snorg
 15747 | D:11     | Noticed a six-headed hydra
 15753 | D:11     | Killed a six-headed hydra
 15754 | D:11     | Reached skill level 9 in Axes
 15861 | D:11     | Noticed a two-headed ogre
 15868 | D:11     | Killed a two-headed ogre
 15869 | D:11     | Reached skill level 10 in Axes
 16023 | D:11     | Found a staircase to the Orcish Mines.
 16159 | D:11     | Noticed Psyche
 16161 | D:11     | Killed Psyche
 16376 | D:11     | Noticed Maurice
 16386 | D:11     | Killed Maurice
 16387 | D:11     | Reached skill level 1 in Shields
 16421 | D:11     | Reached *** piety under Hepliaklqana
 16502 | Lair:1   | Entered Level 1 of the Lair of Beasts
 16528 | Lair:1   | Noticed an eight-headed hydra
 16537 | Lair:1   | Killed an eight-headed hydra
 16538 | Lair:1   | Gained mutation: You have a pair of antennae on your head.
                  | [demonic ancestry]
 16538 | Lair:1   | Reached XP level 12. HP: 70/70 MP: 12/12
 16966 | Lair:1   | Noticed a six-headed hydra
 16973 | Lair:1   | Killed a six-headed hydra
 17000 | Lair:1   | Reached skill level 5 in Shields
 17393 | Lair:1   | Found a runed translucent door.
 17395 | Lair:1   | Noticed BeingJoeMalik's ghost (journeyman DrFi)
 17984 | Lair:2   | Reached **** piety under Hepliaklqana
 18076 | Lair:2   | Noticed a six-headed hydra
 18077 | Lair:2   | Noticed an eight-headed hydra
 18469 | Lair:2   | Found a staircase to the Swamp.
 18546 | Lair:2   | Killed a six-headed hydra
 19394 | Lair:2   | Noticed Harold
 19407 | Lair:2   | Killed Harold
 19408 | Lair:2   | Reached skill level 10 in Shields
 19435 | Lair:2   | Killed an eight-headed hydra
 19436 | Lair:2   | Gained mutation: You have a pair of large antennae on your
                  | head. (SInv) [demonic ancestry]
 19436 | Lair:2   | Reached XP level 13. HP: 71/74 MP: 13/13
 20138 | Lair:3   | Found a transporter.
 20340 | Lair:3   | Found a transporter.
 20646 | Lair:4   | Reached ***** piety under Hepliaklqana
 21650 | Lair:4   | Found a hole to the Spider Nest.
 22277 | Lair:5   | Reached skill level 5 in Fighting
 22334 | Lair:5   | Reached skill level 5 in Armour
 22512 | Lair:5   | Reached skill level 1 in Invocations
 22829 | Lair:5   | Reached skill level 5 in Invocations
 23093 | Lair:6   | Entered Level 6 of the Lair of Beasts
 23883 | Lair:6   | Noticed a rockslime
 23885 | Lair:6   | Noticed a rockslime
 23889 | Lair:6   | Noticed an azure jelly
 23890 | Lair:6   | Noticed an azure jelly
 23896 | Lair:6   | Noticed a rockslime
 24228 | D:12     | Gained mutation: Spells you cast may paralyse nearby
                  | enemies. [demonic ancestry]
 24228 | D:12     | Reached XP level 14. HP: 35/88 MP: 6/20
 24952 | D:12     | Found a shimmering altar of Xom.
 25591 | Orc:1    | Entered Level 1 of the Orcish Mines
 25984 | Orc:1    | Noticed Urug
 26003 | Orc:1    | Killed Urug
 26037 | Orc:2    | Entered Level 2 of the Orcish Mines
 26165 | Orc:2    | Noticed Saint Roka
 26586 | Orc:2    | Killed Saint Roka
 26879 | Orc:2    | Reached skill level 11 in Axes
 27117 | Orc:2    | Found a staircase to the Elven Halls.
 27428 | Orc:1    | Found a runed translucent door.
 27435 | Orc:1    | Noticed Sonja
 27436 | Orc:1    | Noticed Sonja
 27436 | Orc:1    | Sonja changed into Sonja the hornet
 27449 | Orc:1    | Killed Sonja the hornet
 27817 | Orc:2    | Found Qusch's General Store.
 27819 | Orc:2    | Found Danos's Magic Scroll Boutique.
 28832 | Orc:2    | Reached skill level 12 in Axes
 29380 | Orc:2    | Gained mutation: You are clumsy. (Dex -2) [a neqoxec]
 29390 | Orc:1    | Noticed Fannar
 29402 | Orc:1    | Killed Fannar
 29900 | Orc:2    | Reached skill level 13 in Axes
 29907 | Orc:2    | Found Gocaolu's Jewellery Shoppe.
 29907 | Orc:2    | Found Syobysk's Antique Weapon Emporium.
 29908 | Orc:2    | Found a one-way gate leading to the halls of Pandemonium.
 30133 | Orc:2    | Bought a +4 ring of slaying for 1092 gold pieces
 30215 | Orc:2    | Bought a scroll of identify for 28 gold pieces
 30215 | Orc:2    | Bought a scroll of silence for 105 gold pieces
 30215 | Orc:2    | Bought a scroll of enchant armour for 105 gold pieces
 30215 | Orc:2    | Bought a scroll of enchant armour for 105 gold pieces
 30215 | Orc:2    | Bought a scroll of teleportation for 42 gold pieces
 30215 | Orc:2    | Bought a scroll of teleportation for 42 gold pieces
 30469 | D:13     | You fall into a shaft and drop 2 floors!
 30469 | D:15     | Entered Level 15 of the Dungeon
 30537 | D:15     | Found a hide-covered altar of Uskayaw.
 31052 | D:13     | Gained mutation: You have a somewhat thin skeletal
                  | structure. (Dex +2, Stealth+) [demonic ancestry]
 31052 | D:13     | Reached XP level 15. HP: 81/94 MP: 17/21
 31058 | D:13     | Reached skill level 14 in Axes
 31396 | D:13     | Found a gate to the Vaults.
 31916 | D:14     | Noticed Louise
 31947 | D:14     | Killed Louise
 33296 | D:15     | Identified the +3 ring mail of Qazlal's Hope {rPois Dex+3}
 33774 | D:15     | Found a staircase to the Depths.
 34053 | D:15     | Noticed a frost giant
 34066 | D:15     | Killed a frost giant
 34787 | Orc:2    | Bought 6 boomerangs for 48 gold pieces
 34787 | Orc:2    | Bought a scroll of teleportation for 48 gold pieces
 34787 | Orc:2    | Bought a scroll of identify for 32 gold pieces
 34947 | Spider:1 | Entered Level 1 of the Spider Nest
 35099 | Spider:1 | Noticed Azrael
 35105 | Spider:1 | Killed Azrael
 35143 | Spider:1 | HP: 4/100 [wolf spider (5)]
 35146 | Spider:1 | HP: 1/100 [wolf spider (12)]
 35146 | Spider:1 | Slain by a wolf spider

Illustrated notes

Levels and vault maps discovered:
D:1:      dpeg_arrival_lava_temple_mockup, layout_basic, minmay_three_crescents
D:2:      layout_basic, basic_altar, shapermc_ecumenical_altar_totnotflames,
          minmay_fountain_box, dk_noncrumbling_3, minivault_26
D:3:      minmay_door_path, layout_loops_corners, serial_shops,
          nicolae_square_shop
D:4:      layout_basic, nicolae_overflow_hidden_temple, temple_hall,
          dk_noncrumbling_4
D:5:      layout_rooms
D:6:      layout_basic, chequers_garden, minmay_misc_feat_enclosed
D:7:      layout_basic
D:8:      layout_cave_pools
D:9:      layout_cave_pods, grunt_ministairs_12, lightli_corner_chamber
D:10:     nicolae_whirlpool, layout_long_grid, erik_lair_island
D:11:     layout_big_octagon, erik_orc_3, kennysheep_generic_room_14,
          uniq_maurice, uniq_snorg, uniq_psyche
D:12:     layout_cave_pools, minivault_16, tgw_xom
D:13:     layout_rooms, david_vaults_2
D:14:     layout_roguey, tso_altar, uniq_louise
D:15:     grunt_enter_depths_magical_seal, layout_irregular_city,
          nicolae_uskayaw_murder_on_the_dancefloor,
          minmay_fractal_squares_gapless_7
Temple:   mainiacjoe_temple_bowtie_tessellation
Lair:1:   layout_big_grid, ebering_ghost_inner_flame, nicolae_lair_liquid_snakes
Lair:2:   nzn_winding_woodlands_small [nzn_winding_woodlands_5x15_eye,
          nzn_winding_woodlands_center_pierced_h,
          nzn_winding_woodlands_5x15_longhouse], layout_gridlike,
          minmay_swamp_entry_worms, serial_bayou_shore_b, uniq_harold
Lair:3:   gammafunk_cloud_chamber, layout_gridlike
Lair:4:   pond_and_an_island_with_a_cottage, layout_cave_pods,
          nicolae_spider_entry_tight_spaces
Lair:5:   layout_roguey
Lair:6:   grunt_lair_end_beastmaster, layout_cave_pods,
          dpeg_slime_entry_enclosed_altar, special_room [special_room_jelly]
Spider:1: layout_cave_pods, uniq_azrael, uniq_jorgrun, uniq_roxanne
Orc:1:    layout_diamond_mine, lightli_church_of_beogh, uniq_fannar, uniq_urug,
          uniq_sonja
Orc:2:    pf_orc_diabolical, layout_caves, uniq_saint_roka

Skill      XL: |  1  2  3  4  5  6  7  8  9 10 11 12 13 14 15 |
---------------+----------------------------------------------+-----
Staves         | 3 |  3.9
Polearms       | 1 3 4 6 7 10 | 10.3
Evocations     | 2 8 10 | 10.6
Armour         | 1 5 7 |  7.1
Axes           | 6 10 13 14 | 14.6
Shields        | 2 10 11 | 11.1
Fighting       | 5 6 9 |  9.4
Invocations    | 8 |  8.0
Throwing       | 4 |  4.3
Dodging        | |  2.6

Action                   |  1- 3 |  4- 6 |  7- 9 | 10-12 | 13-15 || total
-------------------------+-------+-------+-------+-------+-------++-------
Melee: Quarterstaff      |    45 |       |       |       |       ||    45
       Trident           |    30 |   124 |   230 |    94 |       ||   478
       Punch             |       |     2 |     1 |     2 |       ||     5
       War axe           |       |       |       |   168 |   362 ||   530
       Demon trident     |       |       |       |       |    93 ||    93
Throw: Throwing net      |     3 |       |       |       |     6 ||     9
       Dart              |       |       |    22 |   115 |   182 ||   319
       Stone             |       |       |       |    15 |    60 ||    75
       Boomerang         |       |       |       |    94 |   106 ||   200
       Javelin           |       |       |       |       |    48 ||    48
Invok: Recall Ancestor   |       |       |     1 |     4 |    14 ||    19
       Ancestor Life: Kn |       |       |       |     1 |       ||     1
       Idealise          |       |       |       |       |    20 ||    20
Evoke: Wand              |       |       |     2 |    38 |    70 ||   110
       Phial of floods   |       |       |       |     2 |     6 ||     8
       Lightning rod     |       |       |       |       |     4 ||     4
       Condenser vane    |       |       |       |       |     1 ||     1
  Use: Scroll            |       |     8 |     9 |    10 |    19 ||    46
       Potion            |       |       |     3 |     4 |    10 ||    17
 Stab: Sleeping          |     1 |       |       |       |       ||     1
       Distracted        |       |       |     1 |     5 |     9 ||    15
       Invisible         |       |       |       |     1 |       ||     1
       Paralysed         |       |       |       |       |     5 ||     5
Armor: Leather armour    |    19 |       |       |       |       ||    19
       Ring mail         |     2 |       |       |       |       ||     2
       Chain mail        |     1 |    48 |   113 |   148 |   115 ||   425
       Plate armour      |       |       |       |       |   124 ||   124
Dodge: Dodged            |    38 |    37 |    59 |    87 |   110 ||   331
Block: Kite shield       |       |       |       |    49 |   327 ||   376
